Map: Catalyst LE

Players

Bly

  • Race: Zerg Zerg
  • Spawn Location: 5:00

Probe - Winner!

  • Race: Protoss Protoss
  • Spawn Location: 11:00

Event: IEM Season 12 - PyeongChang

VOD

Have the link to the VOD?

Description

Time

  • Played on: Feb. 5, 2018, 3 a.m.
  • Length: 28:50

All games in this series

Show
View Real Time Build Order
Export as new Build Order

Bly Zerg 

Build Orders: Hatch First, Brood Lord Corruptor, Lurkers 

Get SALT Encoding   

  12  0:01  Drone  
  13  0:13  Overlord  
  13  0:18  Drone  
  14  0:31  Drone x2  
  16  0:35  Drone  
  17  0:52  Hatchery  
  17  0:55  Drone  
  17  0:58  Drone  
  17  1:03  Extractor  
  17  1:13  Spawning Pool  
  17  1:16  Drone  
  17  1:24  Drone  
  18  1:29  Drone  
  19  1:40  Overlord  
  19  1:51  Drone  
  20  2:00  Queen  
  22  2:02  Zergling x2  
  22  2:03  Queen  
  22  2:04  Zergling x2  
  26  2:09  Metabolic Boost  
  26  2:12  Drone  
  28  2:15  Drone  
  28  2:28  Drone x2  
  30  2:39  Hatchery  
  30  2:40  Drone  
  30  2:49  Drone x3  
  33  2:54  Queen  
  34  3:06  Drone  
  35  3:14  Overlord  
  35  3:18  Overlord  
  35  3:21  Overlord  
  35  3:36  Drone x5  
  40  3:43  Drone x6  
  46  3:48  Drone x2  
  46  3:52  Overlord, Queen  
  46  3:53  Queen  
  52  4:04  Overlord  
  52  4:14  Drone x5  
  52  4:15  Drone x4  
  61  4:18  Overlord  
  61  4:20  Spore Crawler  
  61  4:22  Spore Crawler, Drone x2  
  61  4:33  Overlord  
  61  4:35  Spore Crawler  
  59  4:39  Zergling x2  
  59  4:40  Zergling x6  
  59  4:42  Lair  
  63  4:47  Zergling x4  
  63  4:48  Zergling x4  
  67  4:53  Zergling x6  
  67  4:58  Baneling Nest, Extractor  
  68  5:03  Zergling x6  
  71  5:11  Hatchery, Drone x2  
  71  5:12  Drone x2  
  70  5:23  Drone x4  
  70  5:24  Drone x4  
  77  5:34  Zergling x6  
  77  5:35  Drone  
  77  5:37  Extractor  
  73  5:43  Extractor, Drone x5, Hydralisk Den  
  73  5:47  Drone  
  73  5:48  Drone x2  
  77  5:50  Extractor  
  75  5:57  Baneling x2  
  75  5:58  Drone x2  
  75  5:59  Drone x3  
  80  6:05  Drone  
  80  6:06  Drone x2  
  80  6:07  Extractor  
  82  6:18  Lurker Den, Overlord  
  81  6:31  Muscular Augments  
  81  6:33  Drone  
  81  6:34  Drone x10  
  81  6:36  Overlord  
  91  6:40  Overlord  
  91  6:45  Extractor  
  91  6:46  Hydralisk x3  
  90  6:48  Extractor  
  90  6:49  Hydralisk x3  
  90  6:50  Overlord  
  99  6:56  Hydralisk x3  
  99  6:57  Zergling x4  
  107  7:07  Spore Crawler  
  107  7:08  Hatchery  
  105  7:12  Zergling x8  
  105  7:13  Zergling x6  
  112  7:16  Evolution Chamber  
  111  7:26  Zergling x2  
  111  7:27  Zergling x8  
  116  7:32  Overseer  
  116  7:40  Zergling x2  
  116  7:41  Zergling x2  
  116  7:42  Overlord x6  
  116  7:44  Zerg Missile Weapons Level 1  
  117  7:45  Grooved Spines  
  117  7:48  Lurker x3  
  117  7:49  Lurker x4  
  124  7:55  Overlord  
  124  8:04  Hydralisk  
  124  8:05  Hydralisk x3  
  132  8:07  Drone x7  
  132  8:09  Overlord  
  132  8:10  Infestation Pit  
  132  8:11  Hydralisk x2  
  132  8:12  Hydralisk x2  
  146  8:28  Baneling x2  
  146  8:29  Hydralisk x5  
  146  8:33  Zergling x14  
  163  8:40  Evolution Chamber  
  161  8:48  Hydralisk x8  
  154  8:53  Hive  
  154  8:54  Zergling x4  
  154  8:55  Zergling x4  
  174  8:57  Spine Crawler  
  174  9:01  Spine Crawler x2  
  171  9:04  Spire  
  171  9:07  Extractor  
  162  9:19  Zerg Melee Weapons Level 1  
  162  9:24  Zergling x6, Hydralisk x6  
  162  9:25  Overlord  
  142  9:44  Zerg Missile Weapons Level 2  
  143  9:52  Lurker x2  
  143  9:53  Lurker x4  
  143  9:54  Zergling x4  
  143  9:55  Zergling x26  
  158  10:25  Greater Spire  
  158  10:26  Zergling x24  
  158  10:27  Zergling x4  
  158  10:28  Overlord  
  161  10:39  Adaptive Talons  
  160  10:43  Drone x3  
  160  10:48  Zergling x14  
  160  10:49  Adrenal Glands  
  162  11:08  Corruptor x8  
  173  11:23  Zergling x8  
  173  11:24  Zergling x16  
  128  11:46  Brood Lord x2  
  128  11:47  Brood Lord x5  
  136  11:49  Overseer  
  133  12:02  Overseer  
  133  12:03  Brood Lord, Hydralisk  
  133  12:04  Zergling x2, Hydralisk x2  
  133  12:05  Zergling x14  
  133  12:06  Drone x3  
  133  12:07  Drone  
  153  12:21  Zergling x2  
  153  12:22  Zergling x6  
  152  12:26  Hydralisk x3  
  151  12:38  Drone x3  
  151  12:39  Drone x3  
  151  12:43  Hydralisk  
  154  12:55  Hydralisk x4  
  158  12:59  Viper  
  158  13:02  Overseer x3  
  158  13:03  Hatchery  
  159  13:21  Hydralisk x6  
  171  13:35  Zerg Missile Weapons Level 3  
  171  13:36  Zerg Melee Weapons Level 2  
  169  13:48  Lurker  
  169  13:50  Lurker x2  
  164  13:56  Spine Crawler  
  164  13:57  Spine Crawler x2  
  164  13:58  Spine Crawler  
  164  13:59  Spine Crawler  
  164  14:00  Corruptor  
  164  14:01  Corruptor x2  
  162  14:03  Drone  
  162  14:07  Lurker  
  162  14:08  Lurker  
  163  14:21  Drone x2  
  163  14:22  Drone x4  
  163  14:24  Overlord  
  169  14:28  Overseer  
  169  14:30  Overseer  
  169  14:32  Viper  
  169  14:33  Corruptor  
  174  14:47  Hydralisk  
  174  14:48  Hydralisk x4  
  184  15:05  Drone x3  
  184  15:06  Drone x2  
  184  15:13  Drone x2  
  184  15:14  Drone x5  
  184  15:31  Pneumatized Carapace  
  182  15:39  Viper x2  
  183  15:44  Zergling x8  
  183  15:45  Zergling x16  
  195  15:53  Spine Crawler  
  195  15:54  Queen x2, Spine Crawler  
  195  15:55  Spine Crawler  
  195  15:57  Spore Crawler  
  183  16:15  Corruptor x3  
  183  16:16  Corruptor x2  
  166  16:50  Hydralisk  
  166  16:51  Hydralisk x4  
  162  17:07  Drone x3, Spine Crawler  
  162  17:08  Drone x3, Spine Crawler  
  166  17:21  Corruptor  
  166  17:22  Corruptor x7  
  178  17:23  Overlord x2  
  173  17:49  Drone x3  
  176  17:51  Spore Crawler, Infestor  
  176  17:52  Spore Crawler, Infestor x2  
  176  17:53  Viper x3  
  188  18:13  Queen x2  
  188  18:15  Drone x3  
  188  18:17  Extractor  
  194  18:23  Zerg Melee Weapons Level 3, Zerg Flyer Weapons Level 1  
  194  18:24  Zerg Ground Armor Level 1  
  194  18:43  Brood Lord x3  
  200  18:52  Spore Crawler x2  
  200  18:54  Spore Crawler  
  197  18:56  Spore Crawler  
  196  19:22  Spore Crawler  
  196  19:23  Spore Crawler  
  189  19:26  Viper x3  
  190  19:40  Corruptor x6  
  196  19:45  Spore Crawler  
  196  19:47  Spore Crawler x2  
  196  19:48  Spore Crawler  
  189  20:09  Corruptor x5  
  197  20:28  Hatchery  
  168  20:54  Hatchery  
  167  21:03  Hatchery  
  166  21:06  Overlord x2  
  166  21:07  Overlord  
  166  21:16  Spore Crawler  
  165  21:19  Spore Crawler  
  164  21:42  Drone x3  
  164  21:43  Drone x7  
  174  21:55  Drone x3  
  165  22:47  Drone  
  165  22:48  Drone x14  
  180  23:19  Infestor x5  
  186  23:20  Neural Parasite  
  190  23:31  Zerg Flyer Weapons Level 2  
  170  23:42  Viper x3  
  176  23:53  Hydralisk x8  
  189  24:06  Extractor x2  
  189  24:07  Spore Crawler x3  
  189  24:09  Spore Crawler  
  183  24:10  Spore Crawler  
  182  24:20  Brood Lord  
  182  24:21  Brood Lord x2  
  188  24:29  Drone x2  
  190  24:37  Spore Crawler  
  189  24:39  Spore Crawler  
  188  24:56  Overlord x2  
  188  24:57  Zerg Ground Armor Level 2  
  188  25:13  Corruptor  
  171  25:37  Corruptor x4  
  175  25:57  Spore Crawler  
  175  25:59  Spore Crawler x2  
  175  26:01  Drone  
  175  26:02  Drone x2  
  175  26:03  Corruptor x2  
  175  26:04  Corruptor  
  175  26:05  Spore Crawler  
  175  26:07  Spore Crawler  
  170  26:36  Hydralisk x7  
  170  26:51  Corruptor x2  
  130  27:06  Viper  
  133  27:09  Drone x3  
  136  27:29  Drone x3  
  139  27:34  Overseer x2  
  139  27:41  Hydralisk x5  
  149  27:45  Hatchery  
  148  28:02  Zergling x2  
  148  28:03  Zergling x20  
Show
View Real Time Build Order
Export as new Build Order

Probe Protoss - Winner!

Build Orders: 1 Gate Expand, Oracle Opening, Phoenix Opening, Chargelot Immortal 

Get SALT Encoding   

  12  0:00  Probe  
  13  0:12  Probe  
  14  0:18  Pylon  
  14  0:24  Probe  
  15  0:37  Probe (Chrono Boost)  
  15  0:39  Gateway  
  16  0:47  Assimilator  
  16  0:48  Probe (Chrono Boost)  
  17  0:53  Probe (Chrono Boost)  
  18  1:03  Probe  
  19  1:15  Probe  
  20  1:24  Nexus  
  20  1:36  Cybernetics Core  
  20  1:38  Probe  
  21  1:45  Assimilator  
  21  1:50  Probe  
  21  1:53  Pylon  
  22  2:02  Probe  
  23  2:10  Adept (Chrono Boost), Probe  
  23  2:12  Warp Gate  
  26  2:18  Probe  
  27  2:29  Adept  
  27  2:30  Probe (Chrono Boost)  
  27  2:36  Stargate, Probe (Chrono Boost)  
  32  2:46  Probe x2 (Chrono Boost)  
  32  2:51  Probe (Chrono Boost)  
  33  2:53  Probe  
  35  3:03  Probe  
  35  3:05  Probe  
  37  3:15  Probe  
  37  3:17  Oracle (Chrono Boost), Probe  
  37  3:19  Gateway  
  39  3:21  Gateway  
  39  3:23  Pylon  
  43  3:27  Probe  
  43  3:29  Probe  
  44  3:39  Probe  
  45  3:41  Probe  
  45  3:44  Phoenix (Chrono Boost)  
  45  3:46  Assimilator  
  45  3:47  Assimilator  
  48  3:51  Probe  
  48  3:52  Pylon  
  48  3:53  Probe  
  50  4:02  Oracle  
  53  4:03  Probe  
  53  4:04  Pylon  
  54  4:10  Probe  
  54  4:15  Probe  
  56  4:22  Probe  
  57  4:26  Sentry, Adept, Robotics Facility  
  57  4:28  Probe  
  62  4:34  Probe  
  63  4:40  Nexus, Probe  
  63  4:44  Pylon  
  64  4:47  Probe  
  65  4:53  Probe  
  65  4:55  Pylon  
  65  4:57  Pylon  
  65  4:59  Probe  
  67  5:01  Twilight Council  
  67  5:03  Forge  
  67  5:06  Probe  
  68  5:11  Probe  
  68  5:13  Observer (Chrono Boost)  
  70  5:18  Probe  
  71  5:21  Adept  
  71  5:23  Probe  
  71  5:25  Immortal (Chrono Boost)  
  71  5:28  Adept  
  80  5:29  Adept  
  80  5:30  Protoss Ground Weapons Level 1, Probe  
  81  5:36  Charge, Probe  
  81  5:42  Probe  
  77  5:48  Probe  
  78  5:54  Probe, Immortal  
  83  5:57  Probe  
  83  6:00  Templar Archives, Probe  
  83  6:04  Adept  
  87  6:05  Sentry  
  87  6:06  Probe  
  87  6:09  Probe  
  91  6:11  Pylon  
  91  6:12  Probe  
  91  6:16  Gateway  
  91  6:17  Gateway  
  92  6:18  Probe  
  92  6:21  Probe  
  92  6:24  Probe  
  92  6:25  Adept  
  96  6:30  Adept  
  96  6:31  Probe, Adept  
  100  6:34  Probe  
  100  6:36  Psionic Storm, Probe  
  102  6:46  Adept, Immortal  
  110  6:53  Shield Battery, Assimilator  
  108  6:55  Assimilator  
  108  6:57  Gateway x2  
  108  7:00  Gateway  
  108  7:04  Robotics Facility  
  108  7:08  Shield Battery, Zealot  
  108  7:10  Shield Battery  
  110  7:18  High Templar x2  
  110  7:21  Zealot  
  116  7:27  Nexus  
  116  7:31  Pylon x2  
  116  7:32  Pylon  
  115  7:43  High Templar  
  117  7:48  Photon Cannon, Pylon, Immortal (Chrono Boost)  
  117  7:49  Photon Cannon  
  117  7:50  Pylon, Immortal (Chrono Boost)  
  121  7:52  Photon Cannon  
  121  7:54  High Templar  
  127  8:03  Zealot x4, Protoss Ground Weapons Level 2 (Chrono Boost)  
  135  8:14  Zealot  
  135  8:15  Zealot  
  135  8:19  Immortal (Chrono Boost)  
  139  8:26  High Templar x2  
  151  8:27  Zealot  
  151  8:28  Immortal (Chrono Boost)  
  153  8:34  Archon  
  153  8:35  Zealot x2  
  153  8:40  Zealot x3  
  163  8:41  Probe  
  163  8:43  Probe x2  
  166  8:50  High Templar  
  166  8:53  Immortal  
  172  9:00  Photon Cannon  
  172  9:06  Photon Cannon  
  170  9:11  Zealot  
  172  9:22  Zealot  
  170  9:26  Immortal  
  168  9:34  Zealot  
  168  9:35  Zealot x5  
  168  9:37  Probe  
  163  9:44  Stargate  
  163  9:45  Fleet Beacon  
  163  9:49  Pylon  
  163  9:51  Assimilator  
  163  9:56  Assimilator, Pylon x2  
  163  9:57  Pylon  
  163  9:58  Pylon  
  161  10:07  Zealot, Immortal x2  
  161  10:10  Zealot x2  
  161  10:13  Zealot  
  161  10:14  Zealot x4, Probe  
  174  10:30  Mothership  
  178  10:36  Probe  
  178  10:37  Probe x2  
  178  10:42  High Templar x6  
  191  10:44  Zealot x2  
  191  10:48  Photon Cannon, Probe  
  191  10:49  Archon x2  
  196  10:54  Observer  
  188  11:11  Observer  
  188  11:15  Protoss Ground Weapons Level 3 (Chrono Boost)  
  184  11:20  Zealot x8  
  171  11:44  Zealot x6  
  171  11:45  Zealot x2, Warp Prism  
  186  11:47  Observer  
  162  12:05  High Templar  
  162  12:06  High Templar x5  
  162  12:08  Probe x3, Observer  
  178  12:17  Zealot x2  
  186  12:30  Tempest (Chrono Boost)  
  188  12:43  Tempest (Chrono Boost)  
  184  12:50  Nexus  
  182  12:51  High Templar x2  
  182  12:52  Zealot  
  188  13:04  Pylon  
  188  13:07  Pylon  
  188  13:16  Tempest (Chrono Boost)  
  188  13:18  Archon  
  188  13:19  Tempest (Chrono Boost)  
  182  13:23  Zealot x3  
  188  13:42  Adept  
  188  13:43  Stargate  
  188  13:46  Photon Cannon  
  190  13:49  Photon Cannon, Tempest (Chrono Boost)  
  190  13:52  Shield Battery, Tempest (Chrono Boost)  
  194  14:04  Protoss Shields Level 1  
  194  14:07  Zealot x7  
  200  14:10  Protoss Air Weapons Level 1 (Chrono Boost)  
  200  14:28  Dark Shrine  
  186  14:48  Tempest x2  
  194  14:53  Tempest  
  192  15:19  Pylon, Nexus  
  192  15:22  Pylon  
  192  15:40  Tempest  
  198  15:44  Photon Cannon  
  198  15:46  Photon Cannon  
  198  15:50  Photon Cannon  
  198  15:57  Dark Templar  
  199  16:16  Tempest  
  193  16:32  Dark Templar x3  
  192  16:38  Protoss Air Weapons Level 2 (Chrono Boost)  
  194  16:40  Protoss Shields Level 2  
  194  16:53  Zealot x4  
  194  16:54  Zealot  
  184  17:00  Void Ray x3 (Chrono Boost)  
  179  17:06  High Templar x2  
  192  17:14  Assimilator  
  192  17:18  Assimilator, High Templar x2  
  196  17:24  Photon Cannon  
  196  17:25  Photon Cannon  
  196  17:27  Photon Cannon  
  196  17:30  Dark Templar  
  196  17:35  Gateway  
  198  17:43  Void Ray (Chrono Boost)  
  198  17:44  Void Ray x2 (Chrono Boost)  
  194  17:54  Adept  
  196  17:58  Dark Templar x2  
  198  18:18  Sentry  
  200  18:23  Oracle (Chrono Boost)  
  199  18:28  Nexus  
  199  18:30  Pylon  
  199  18:48  Photon Cannon  
  199  18:51  Photon Cannon  
  199  18:52  Photon Cannon  
  199  18:55  Photon Cannon  
  199  18:56  Shield Battery  
  199  18:57  Shield Battery  
  199  18:59  Shield Battery  
  199  19:10  Assimilator  
  199  19:14  Assimilator  
  199  19:57  Protoss Air Weapons Level 3 (Chrono Boost)  
  194  20:39  High Templar  
  194  20:40  High Templar x3  
  200  20:45  Protoss Shields Level 3 (Chrono Boost)  
  200  20:52  Archon  
  200  21:01  Dark Templar  
  200  21:28  Mothership (Chrono Boost)  
  200  21:31  Observer  
  199  21:43  Dark Templar  
  197  21:48  Dark Templar  
  197  22:11  Protoss Air Armor Level 1 (Chrono Boost)  
  197  22:20  Oracle  
  198  22:36  High Templar  
  198  22:37  High Templar  
  196  22:41  High Templar x2  
  196  22:42  Pylon  
  196  22:43  Nexus  
  200  23:15  Protoss Ground Armor Level 1  
  197  23:51  Carrier (Chrono Boost)  
  180  23:59  Carrier (Chrono Boost)  
  180  24:08  Zealot x2  
  180  24:09  Zealot x5, Carrier (Chrono Boost)  
  190  24:12  Graviton Catapult  
  196  24:20  Photon Cannon, Assimilator  
  196  24:22  Photon Cannon x2, Assimilator  
  196  24:25  Stargate  
  196  24:28  Stargate  
  196  24:35  Protoss Air Armor Level 2 (Chrono Boost)  
  182  24:53  Stargate  
  182  24:59  Zealot, Oracle (Chrono Boost)  
  184  25:00  Zealot x2  
  184  25:01  Zealot x4  
  199  25:30  Mothership (Chrono Boost)  
  187  25:53  Carrier (Chrono Boost)  
  187  25:54  Carrier (Chrono Boost)  
  199  26:46  Carrier (Chrono Boost)  
  187  26:49  Carrier x2 (Chrono Boost)  
  184  27:03  High Templar x6  
  195  27:27  Zealot  
  197  27:40  Gateway  
  197  27:41  Gateway  
  197  27:43  Gateway  
  197  27:44  Gateway  
  197  27:46  Gateway  
  197  27:48  Gateway x3  
  197  27:49  Gateway  
  197  27:50  Gateway  
  197  27:52  Gateway  
  197  27:53  Gateway  
  197  27:55  Gateway  
  197  27:59  Gateway  
  194  28:23  Archon  
  194  28:24  Archon  
  194  28:25  High Templar x3  
  194  28:26  High Templar x4  

Tags
 
Add a new tag
Caveats
  • Supply blocks, unpowered buildings, or Contaminate may cause inaccurate times.
  • Supply counts are checked every 10 seconds.